 Dungeon Crawl Stone Soup version 0.30-a0-509-gd016549fea (webtiles) character file.

Game seed: 10183620994300844847

60 hikkokomori the Gusty (level 4, 0/24 HPs)
             Began as a Tengu Air Elementalist on Dec 23, 2022.
             Slain by Terence
             ... wielding a +0 falchion
              (1 damage)
             ... on level 2 of the Dungeon.
             The game lasted 00:03:14 (1885 turns).

hikkokomori the Gusty (Tengu Air Elementalist)      Turns: 1885, Time: 00:03:15

Health: 0/24       AC:  2    Str:  8    XL:     4   Next: 6%
Magic:  0/8        EV: 12    Int: 18    God:
Gold:   57         SH:  0    Dex: 14    Spells: 1/7 levels left

rFire   . . .      SeeInvis .    g - +0 dagger
rCold   . . .      Faith    .    (no shield)
rNeg    . . .      Spirit   .    a - +0 robe
rPois   .          Reflect  .    (helmet restricted)
rElec   .          Harm     .    (no cloak)
rCorr   .          Rampage  .    (no gloves)
Will    .....                    (boots unavailable)
Stlth   ++........               f - amulet of the acrobat
HPRegen 0.24/turn                h - ring of flight
MPRegen 0.11/turn                (no ring)

@: flying, hasted, very quick
A: beak, talons 3
a: no special abilities


You were on level 2 of the Dungeon.
You visited 1 branch of the dungeon, and saw 2 of its levels.

You collected 57 gold pieces.

Inventory:

Hand Weapons
 g - a +0 dagger (weapon)
Armour
 a - a +0 robe (worn)
Jewellery
 f - an amulet of the acrobat (around neck)
 h - a ring of flight (left hand)
Scrolls
 d - 2 scrolls of teleportation
 e - 2 scrolls of identify
Potions
 b - a potion of magic
 c - a potion of mutation {unknown}
 i - a potion of haste
 j - a potion of invisibility {unknown}
 k - a potion of flight {unknown}


   Skills:
 - Level 2.1 Dodging
 - Level 2.0 Stealth
 + Level 2.1 Spellcasting
 + Level 1.7 Conjurations
 + Level 6.2 Air Magic


You had one spell level left.
You knew the following spells:

 Your Spells              Type           Power      Damage    Failure   Level
a - Shock                 Conj/Air       64%        1d7       3%          1
b - Swiftness             Air            24%        N/A       4%          3
c - Static Discharge      Conj/Air       32%        2-4/arc   5%          2

Your spell library contained the following spells:

 Spells                   Type           Power      Damage    Failure   Level
 Summon Small Mammal      Summ           4%         N/A       19%         1
 Airstrike                Air            12%        2d(2-18)  14%         4
 Call Canine Familiar     Summ           1%         N/A       47%         3
 Summon Guardian Golem    Hex/Summ       1%         N/A       47%         3


Dungeon Overview and Level Annotations

Branches:
Dungeon (2/15)

Altars:
Wu Jian

Annotations:
D:2 Terence


Innate Abilities, Weirdness & Mutations

You have a beak for a mouth.
You have claws for feet.


Message History

Terence hits you with a +0 falchion!
Unknown command.
Casting: Shock (safe; 3% risk of failure)
Confirm with . or Enter, or press ? or * to list all spells.
Aiming: Shock (safe; 3% risk of failure)
Press: ? - help, Shift-Dir - straight line The zap hits Terence but does no damage.
Terence is severely wounded.
The zap hits Terence but does no damage.
Terence is severely wounded.
Terence misses you.
Unknown command.
Casting: Shock (safe; 3% risk of failure)
Confirm with . or Enter, or press ? or * to list all spells.
Aiming: Shock (safe; 3% risk of failure)
Press: ? - help, Shift-Dir - straight line The zap misses Terence. x2; Terence hits you with a +0 falchion.
* * * LOW HITPOINT WARNING * * *
Unknown command.
Casting: Shock (safe; 3% risk of failure)
Confirm with . or Enter, or press ? or * to list all spells.
Aiming: Shock (safe; 3% risk of failure)
Press: ? - help, Shift-Dir - straight line The zap hits Terence.
Terence is severely wounded.
The zap hits Terence.
Terence is almost dead.
Terence barely misses you.
Unknown command.
You hit Terence. You claw Terence, but do no damage. Your peck misses Terence.
You punch Terence, but do no damage.
Terence is almost dead.
Terence hits you with a +0 falchion!
* * * LOW HITPOINT WARNING * * *
You hit Terence but do no damage.
Terence is almost dead.
Terence closely misses you.
It was a potion of haste.
You feel yourself speed up. Terence hits you with a +0 falchion.
You die...

######## #.....).
#.......
############.......
#>.................
#...#...###.#######
#.#...#.#..<#
#.@@..#.#.#.####
##....#.#......####
#.................
#........##....###
##.......#......##
#.......#.####...
#.......#........
###.......@......
#.....#........


You could see Terence.

Vanquished Creatures
  2 adders (D:2)
  A dart slug (D:2)
  3 ball pythons
  6 endoplasms
  5 giant cockroaches
  4 goblins (D:1)
  3 hobgoblins
  A jackal (D:2)
  5 bats
  A frilled lizard (D:1)
  4 kobolds
  A rat (D:1)
36 creatures vanquished.

Vanquished Creatures (others)
  4 plants (D:1)
4 creatures vanquished.

Grand Total: 40 creatures vanquished

Notes
Turn   | Place    | Note
-------+----------+-------------------------------------------
     0 | D:1      | hikkokomori the Tengu Air Elementalist began the quest for
                  | the Orb.
     0 | D:1      | Reached XP level 1. HP: 10/10 MP: 4/4
   470 | D:1      | Reached XP level 2. HP: 15/15 MP: 1/6
   818 | D:1      | Reached skill level 5 in Air Magic
  1284 | D:2      | Reached XP level 3. HP: 19/19 MP: 4/7
  1454 | D:2      | Noticed Terence
  1575 | D:2      | Reached skill level 6 in Air Magic
  1655 | D:2      | Learned a level 3 spell: Swiftness
  1658 | D:2      | Learned a level 2 spell: Static Discharge
  1754 | D:2      | Found an ornate altar of the Wu Jian Council.
  1760 | D:2      | Reached XP level 4. HP: 17/24 MP: 2/8
  1883 | D:2      | HP: 1/24 [Terence/+0 falchion (7)]
  1885 | D:2      | Slain by Terence

Illustrated notes

Levels and vault maps discovered:
D:1:      wander_arrival_peaceful_grave, layout_loops_corners, serial_bayou,
          serial_bayou_pond_b, serial_bayou_pond_d, serial_bayou_lake_a,
          serial_bayou_lagoon_a, serial_bayou_pond_d, serial_bayou_pond_a
D:2:      layout_basic, basic_altar, uniq_terence

Skill      XL: |  1  2  3 |
---------------+----------+-----
Air Magic      | 5 6 |  6.2
Dodging        | |  2.1
Stealth        | |  2.0
Spellcasting   | |  2.1
Conjurations   | |  1.7

Action                   |  1- 3 |  4- 6 || total
-------------------------+-------+-------++-------
Melee: Unarmed           |     6 |       ||     6
       Dagger            |    12 |     2 ||    14
       Peck              |     2 |       ||     2
       Kick              |     1 |     1 ||     2
       Punch             |     1 |     1 ||     2
 Cast: Shock             |    75 |     8 ||    83
  Use: Scroll            |     2 |       ||     2
       Potion            |       |     1 ||     1
Armor: Robe              |     8 |       ||     8
Dodge: Dodged            |    40 |     4 ||    44

Table legend: (Time is in decaauts)
 A = Elapsed time spent in this place.
 B = Non-inter-level travel time spent in this place.
 C = Inter-level travel time spent in this place.
 D = Time resting spent in this place.
 E = Time spent auto-exploring this place.
 F = Levels seen in this place.
 G = Mean time per level.
                   A        B        C        D        E       F      G
               +--------+--------+--------+--------+--------+-----+--------+
         Total |   1918 |   1894 |     24 |     58 |   1579 |   2 |  959.0 |
       Dungeon |   1918 |   1894 |     24 |     58 |   1579 |   2 |  959.0 |
               +--------+--------+--------+--------+--------+-----+--------+

Top non-repeatable levels by time:
     D:1: 1261 daAuts
     D:2: 656 daAuts
